AoeStats
← Miyamoto

Arena

508385875Analyzed
4v4 RM · 11d ago on Sep 22, 2026· 70m 57s· 8 players
Game mode
Random Map
Map size
Large (8 player)
Population
200
Speed
Normal
Resources
Standard
Victory
Conquest
Starting age
Dark Age
Ending age
Imperial Age
RankedLock teamsTeams togetherTeam positionsShared explorationLock speedFull tech treeHidden civsTurbo modeCheats
Victory
Defeat
🇹🇷 Goths · Türkiye
1242
+12
🇸🇮 Vietnamese · Slovenia
1225
+13
🇷🇴 Malians · Romania
1201
+14
🇫🇷 Persians · France
1172
+15
🇳🇿 Bengalis · New Zealand
1165
-14
🇨🇳 Huns · China
1158
-14
🇨🇳 Persians · China
1146
-13
🇳🇱 Teutons · Netherlands
1137
-13
MCMLXX
9:55 Feudal Age
10:47 Double-Bit Axe
10:45 Horse Collar
18:32 Castle Age
17:15 Stone Mining
17:23 Gold Mining
18:10 Loom
19:01 Wheelbarrow
20:24 Bow Saw
20:43 Heavy Plow
23:56 Forging
30:19 Imperial Age
28:40 Iron Casting
29:18 Scale Mail Armor
30:02 Scale Barding Armor
30:16 Hand Cart
31:33 Chain Barding Armor
31:31 Chain Mail Armor
32:07 Farimba
32:29 Conscription
32:47 Crop Rotation
33:35 Plate Barding Armor
32:51 Heavy Camel Rider
34:00 Fletching
34:27 Bloodlines
36:21 Town Watch
36:35 Bodkin Arrow
38:48 Plate Mail Armor
39:54 Gold Shaft Mining
43:38 Elite Skirmisher
44:25 Tigui
43:51 Pikeman
44:42 Squires
44:57 Arson
54:36 Elite Gbeto
60:38 Padded Archer Armor
61:08 Treadmill Crane
61:49 Ballistics
62:30 Chemistry
61:33 Imperial Skirmisher
65:53 Masonry
65:54 Fortified Wall
65:40 Murder Holes
66:04 Town Patrol
68:00 Leather Archer Armor
Alex
10:43 Feudal Age
14:41 Castle Age
12:47 Double-Bit Axe
13:23 Horse Collar
14:07 Gold Mining
16:06 Bow Saw
16:19 Loom
21:05 Wheelbarrow
21:16 Heavy Plow
22:47 Stone Mining
22:52 Loom
25:22 Gold Shaft Mining
25:40 Hand Cart
28:41 Imperial Age
27:23 Forging
27:19 Scale Barding Armor
28:15 Bloodlines
28:28 Cavalier
29:46 Iron Casting
30:07 Husbandry
30:32 Chain Barding Armor
31:03 Conscription
31:46 Savar
39:08 Blast Furnace
38:44 Plate Barding Armor
39:14 Heavy Camel Rider
45:13 Fletching
44:47 Light Cavalry
49:43 Kamandaran
51:48 Stone Shaft Mining
52:23 Crossbowman
53:12 Thumb Ring
53:05 Bodkin Arrow
53:34 Ballistics
54:14 Chemistry
55:07 Two-Man Saw
54:30 Padded Archer Armor
54:46 Masonry
57:38 Guilds
66:08 Leather Archer Armor
gonzavertigo
9:18 Loom
11:03 Feudal Age
12:25 Double-Bit Axe
15:31 Castle Age
16:24 Bow Saw
17:36 Horse Collar
20:22 Gold Mining
23:01 Wheelbarrow
23:21 Heavy Plow
23:53 Man-at-Arms
24:47 Forging
24:52 Long Swordsman
25:36 Scale Mail Armor
27:13 Chain Mail Armor
28:27 Iron Casting
29:47 Stone Mining
30:59 Squires
32:37 Hand Cart
32:29 Town Watch
36:53 Imperial Age
34:27 Pikeman
37:08 Halberdier
38:32 Conscription
38:19 Perfusion
38:21 Two-Handed Swordsman
40:41 Two-Man Saw
40:20 Champion
42:45 Blast Furnace
44:17 Capped Ram
54:47 Caravan
m00n
10:40 Feudal Age
15:32 Castle Age
13:47 Double-Bit Axe
15:01 Horse Collar
16:50 Wheelbarrow
23:35 Loom
24:52 Bow Saw
24:55 Heavy Plow
27:05 Hand Cart
30:48 Imperial Age
28:54 Fletching
29:04 Padded Archer Armor
29:29 Ballistics
29:37 Gold Mining
29:37 Stone Mining
29:32 Pikeman
30:13 Squires
29:58 Arson
30:16 Scale Mail Armor
30:26 Forging
30:12 Bodkin Arrow
30:32 Leather Archer Armor
31:59 Guilds
31:12 Halberdier
32:54 Chain Mail Armor
33:15 Iron Casting
33:22 Crop Rotation
33:53 Two-Man Saw
33:32 Bracer
33:48 Leather Archer Armor
33:47 Thumb Ring
33:03 Elite Skirmisher
35:03 Chemistry
34:09 Siege Engineers
34:36 Fortified Wall
34:46 Imperial Skirmisher
36:23 Plate Mail Armor
36:19 Bombard Tower
35:41 Treadmill Crane
35:58 Murder Holes
38:29 Stone Shaft Mining
39:02 Coinage
39:10 Paper Money
41:41 Banking
43:46 Ring Archer Armor
Miyamoto
9:53 Loom
11:38 Feudal Age
13:18 Double-Bit Axe
16:12 Castle Age
14:03 Horse Collar
14:57 Man-at-Arms
15:23 Arson
18:12 Wheelbarrow
18:23 Long Swordsman
19:19 Scale Mail Armor
20:13 Squires
21:14 Chain Mail Armor
21:44 Bow Saw
22:21 Forging
25:20 Gambesons
33:09 Heavy Plow
33:42 Fortified Wall
34:02 Forging
33:27 Pikeman
34:52 Hand Cart
40:50 Imperial Age
40:01 Iron Casting
39:19 Fletching
42:01 Plate Mail Armor
42:32 Blast Furnace
40:55 Two-Handed Swordsman
40:56 Halberdier
42:03 Champion
44:00 Stone Mining
44:00 Gold Mining
44:23 Bodkin Arrow
46:22 Crenellations
46:23 Conscription
46:31 Ballistics
48:22 Elite Teutonic Knight
53:07 Hoardings
53:18 Ironclad
56:47 Chemistry
56:00 Masonry
58:32 Siege Engineers
63:02 Guilds
Icyriver
11:26 Feudal Age
16:12 Castle Age
14:24 Double-Bit Axe
14:22 Horse Collar
15:13 Gold Mining
17:31 Bow Saw
17:48 Loom
20:57 Heavy Plow
22:04 Wheelbarrow
23:18 Hand Cart
25:04 Gold Shaft Mining
24:56 Fletching
25:06 Padded Archer Armor
26:08 Bodkin Arrow
30:17 Imperial Age
28:15 Leather Archer Armor
30:06 Ballistics
31:01 Bracer
31:32 Ring Archer Armor
30:51 Elite Elephant Archer
33:21 Two-Man Saw
32:59 Paiks
34:23 Chemistry
33:50 Town Watch
35:17 Town Patrol
35:21 Elite Skirmisher
40:01 Conscription
40:17 Scale Barding Armor
40:27 Bloodlines
40:18 Husbandry
39:41 Elite Battle Elephant
39:50 Light Cavalry
49:11 Masonry
51:25 Architecture
一梦千年
10:42 Feudal Age
14:53 Castle Age
13:05 Double-Bit Axe
13:20 Horse Collar
16:06 Bow Saw
21:07 Loom
22:56 Wheelbarrow
22:32 Heavy Plow
30:14 Imperial Age
28:00 Hand Cart
27:30 Town Watch
29:03 Forging
29:04 Gold Mining
29:48 Scale Barding Armor
29:48 Murder Holes
30:15 Ballistics
30:33 Iron Casting
30:23 Husbandry
30:34 Bloodlines
31:09 Gold Shaft Mining
30:36 Town Patrol
30:10 Cavalier
31:12 Chain Barding Armor
32:00 Chemistry
31:11 Masonry
33:15 Blast Furnace
32:51 Plate Barding Armor
32:12 Savar
33:49 Conscription
34:18 Fletching
34:28 Padded Archer Armor
34:33 Kamandaran
35:25 Stone Mining
38:12 Capped Ram
39:51 Leather Archer Armor
39:32 Bodkin Arrow
39:24 Siege Ram
41:21 Ring Archer Armor
42:53 Thumb Ring
42:39 Light Cavalry
45:09 Hussar
47:59 Squires
47:45 Arson
50:17 Scale Mail Armor
49:51 Pikeman
50:51 Halberdier
52:49 Chain Mail Armor
55:12 Crop Rotation
55:44 Two-Man Saw
59:21 Plate Mail Armor
66:26 Elite Skirmisher
Zarathustra
4:46 Loom
9:55 Feudal Age
14:45 Castle Age
12:57 Double-Bit Axe
13:09 Horse Collar
13:53 Gold Mining
16:42 Bow Saw
23:13 Stone Mining
25:09 Wheelbarrow
27:34 Scale Barding Armor
27:49 Heavy Plow
28:35 Gold Shaft Mining
31:08 Imperial Age
29:00 Hand Cart
29:19 Chain Barding Armor
29:10 Forging
29:58 Marauders
30:52 Bloodlines
30:44 Husbandry
31:36 Iron Casting
32:12 Conscription
31:15 Elite Tarkan
32:17 Conscription
32:38 Plate Barding Armor
36:12 Blast Furnace
39:43 Two-Man Saw
38:38 Town Watch
41:02 Scale Mail Armor
40:53 Fletching
41:04 Padded Archer Armor
41:24 Guilds
41:44 Light Cavalry
47:18 Hussar
51:04 Chain Mail Armor
58:02 Caravan
Connection lost

Rejoining the realm…

Still unreachable

The connection could not be restored.

Session expired

The server has moved on; the page needs a fresh start.